 Dungeon Crawl Stone Soup version 0.18.1-48-g4cf74bf (webtiles) character file.

37442 Gargoyl the Protected (level 13, 0/151 HPs)
             Began as a Demonspawn Abyssal Knight on Aug 25, 2016.
             Was the Champion of Lugonu.
             Slain by a death yak (3 damage)
             ... on level 7 of the Lair of Beasts.
             The game lasted 00:42:49 (21789 turns).

Gargoyl the Protected (Demonspawn Abyssal Knight)  Turns: 21789, Time: 00:42:50

Health: 0/151      AC: 23    Str: 26    XL:     13   Next: 58%
Magic:  15/15      EV:  9    Int: 14    God:    Lugonu [******]
Gold:   944        SH: 12    Dex: 14    Spells: 0 memorised, 12 levels left

rFire  . . .     SeeInvis .     t - +6 hand axe (elec)
rCold  . . .     Gourm    .     B - +0 plate armour
rNeg   . . .     Faith    .     k - +0 shield
rPois  +         Spirit   .     (helmet restricted)
rElec  .         Dismiss  .     y - +2 cloak {+Inv}
rCorr  .         Reflect  .     (no gloves)
SustAt .         Harm     .     w - +2 pair of boots
MR     .....                    a - amulet of rage
Stlth  ..........               M - ring of poison resistance
                                T - +3 ring of strength

@: mighty, berserking, very quick, not resistant to hostile enchantments,
extremely unstealthy
A: antennae 1, hooves 1, thin skeletal structure 1, blink, powered by pain 1,
spiny 2
a: Blink, Depart the Abyss, Bend Space, Banish, Corrupt, Enter the Abyss, Brand
Weapon With Distortion, Renounce Religion, Evoke Berserk Rage, Evoke
Invisibility


You were on level 7 of the Lair of Beasts.
You worshipped Lugonu.
Lugonu was exalted by your worship.
You were not hungry.

You visited 2 branches of the dungeon, and saw 18 of its levels.
You visited the Abyss 1 time.
You also visited: Volcano.

You collected 1266 gold pieces.
You spent 162 gold pieces at shops.

Inventory:

Hand Weapons
 s - a +4 war axe of draining
 t - a +6 hand axe of electrocution (weapon)
 u - a +0 war axe
 J - a +0 broad axe of flaming
Missiles
 x - 10 javelins (quivered)
 C - 19 tomahawks
Armour
 k - a +0 shield (worn)
 p - a +2 helmet
 w - a +2 pair of boots (worn)
 y - a +2 cloak of invisibility (worn)
 B - a +0 plate armour (worn)
Jewellery
 a - an amulet of rage (around neck)
 g - an uncursed ring of see invisible
 I - a cursed ring of loudness {unknown}
 M - a ring of poison resistance (right hand)
 T - a +3 ring of strength (left hand)
Wands
 h - a wand of digging (24/24)
 l - a wand of lightning (6/15)
 Z - a wand of iceblast (10/15)
Scrolls
 b - 10 scrolls of teleportation
 e - 5 scrolls of identify
 i - 10 scrolls of remove curse
 n - 4 scrolls of blinking
 v - 2 scrolls of recharging
 A - a scroll of magic mapping
 H - 2 scrolls of amnesia
 N - 6 scrolls of fog
Potions
 j - 3 potions of brilliance
 o - a potion of haste
 q - a potion of ambrosia
 r - 2 potions of berserk rage
 z - 4 potions of curing
 D - a potion of magic
 E - 2 potions of might
 G - 2 potions of agility
 P - a potion of invisibility
Miscellaneous
 F - an ornate deck of wonders {drawn: 7}
Comestibles
 c - 15 bread rations
 d - 10 meat rations
 f - 7 beef jerkies
 m - 3 fruits
 K - 15 chunks of flesh


   Skills:
 + Level 9.4 Fighting
 + Level 9.7 Axes
 - Level 0.6 Throwing
 * Level 13.6 Armour
 + Level 5.0 Dodging
 + Level 1.6 Stealth
 + Level 9.5 Shields
 + Level 3.2 Invocations
 + Level 2.2 Evocations


You had 12 spell levels left.
You didn't know any spells.

Dungeon Overview and Level Annotations

Branches:
Dungeon (11/15)            Temple (0/1) D:7            Lair (7/8) D:11
 Shoals (0/4) Lair:4        Snake (0/4) Lair:3          Orc (0/2) D:11
  Slime: Lair:6-8

Altars:
Cheibriados
Fedhas
Gozag
Makhleb
Pakellas
Ru
Sif Muna
Trog
Vehumet
Yredelemnul
The Shining One

Shops:
D:10 :   D:11 ?

Annotations:
D:3 Natasha


Innate Abilities, Weirdness & Mutations

You have large cloven feet.
You have a somewhat thin skeletal structure (Dex +2, Stealth).
You sometimes gain a little power by taking damage.
You are mostly covered in sharp spines.
You have a pair of small antennae on your head.
You can translocate small distances at will.


Message History

The death yak gores you but does no damage.
You slash the death yak!
There is a sudden explosion of sparks!
You kill the death yak!
Lugonu accepts your kill.
Your plate armour prevents you from hitting the death yak.
The death yak is heavily wounded.
You hit the death yak.
The death yak is severely wounded.
You hit the death yak.
The death yak is heavily wounded.
You slash the death yak!
The death yak is severely wounded.
You slash the death yak!
The death yak is heavily wounded.
You completely miss the death yak.
The death yak is heavily wounded.
The death yak completely misses you. The death yak gores you!
* * * LOW HITPOINT WARNING * * *
The death yak is struck by your spines. The death yak gores you.
You die...

.............###.###
..)...........#...#
.. .....P.....##...#
.. $.P.P....#..÷.##
.# ..PP..###...P#...
.....#.#......!..
P................#
.......#Y.......##
......†@Y..#....#
.....#Y#####...##
P.P..#. #.... P ..
.# .... .. ... ...
... ....


You could see 3 death yaks.

Vanquished Creatures
  3 hydras
  The ghost of wojtek the Swashbuckler, a journeyman KoBe of Trog (Lair:4)
  A queen ant (Lair:2)
  3 death yaks (Lair:7)
  The ghost of Freud88 the Carver, a novice MiFi (D:8)
  An infernal demonspawn (Lair:5)
  A hill giant (D:9)
  A lindwurm (Volcano)
  Pikel (D:6)
  2 oklob plants (Lair:5)
  2 ugly things
  A siren (Lair:4)
  3 black mambas
  2 rime drakes
  8 spiny frogs
  5 komodo dragons
  A troll (D:11)
  Grinder (D:6)
  2 two-headed ogres
  14 blink frogs
  5 wyverns
  32 yaks
  5 fire bats (Volcano)
  A basilisk (Lair:4)
  10 hippogriffs
  3 mottled dragons
  The ghost of RickumRackum the Conjurer, an amateur HECj (D:3)
  5 soldier ants (Lair:2)
  7 water moccasins
  11 porcupines
  3 orc warriors
  4 slaves (D:6)
  A black bear (D:10)
  3 ice beasts
  4 ogres
  3 phantoms
  4 sky beasts
  An eye of draining (D:11)
  6 wolves (Lair:3)
  10 centaurs
  10 crocodiles
  A big kobold (D:11)
  11 giant frogs
  A wyvern skeleton (D:10)
  A water moccasin skeleton (D:9)
  5 scorpions
  12 killer bees
  4 wights (D:11)
  4 howler monkeys
  A centaur zombie (D:8)
  11 crimson imps
  7 lava snakes (Volcano)
  11 jellies
  A quasit (D:10)
  Crazy Yiuf (D:2)
  A giant frog zombie (D:6)
  2 gnoll shamans
  8 orc priests
  9 hounds
  A centaur skeleton (D:11)
  Jessica (D:3)
  12 orc wizards
  Ijyb (D:2)
  Natasha (twice) (D:3)
  3 iguanas
  31 worker ants
  9 sheep
  2 hound skeletons
  A worker ant zombie (D:8)
  Robin (D:4)
  A howler monkey skeleton (D:9)
  16 adders
  9 gnolls
  50 river rats
  A shadow imp (D:10)
  16 oozes
  2 adder zombies
  3 worms
  6 giant geckos
  51 orcs
  A ball python (D:4)
  8 bats
  3 giant cockroaches
  11 hobgoblins
  6 jackals
  12 kobolds
  4 quokkas
  A giant cockroach zombie (D:5)
  2 giant gecko skeletons
  5 giant newts
  17 goblins
  A jackal skeleton (D:5)
  9 rats
  2 fungi
575 creatures vanquished.

Vanquished Creatures (others)
  A naga (D:10)
  An orc warrior (D:11)
  23 fungi
  A plant (Lair:7)
26 creatures vanquished.

Grand Total: 601 creatures vanquished

Notes
Turn   | Place    | Note
--------------------------------------------------------------
     0 | Abyss:1  | Gargoyl the Demonspawn Abyssal Knight began the quest for the Orb.
     0 | Abyss:1  | Reached XP level 1. HP: 18/18 MP: 2/2
    59 | Abyss:1  | Noticed a raiju
    64 | D:1      | Escaped the Abyss
    74 | D:1      | Reached skill level 2 in Armour
   311 | D:1      | Gained mutation: You have a somewhat thin skeletal structure (Dex +2, Stealth). [demonic ancestry]
   311 | D:1      | Reached XP level 2. HP: 24/24 MP: 3/3
   355 | D:1      | Reached * piety under Lugonu
  1044 | D:2      | Reached XP level 3. HP: 29/29 MP: 5/5
  1200 | D:2      | Reached skill level 1 in Dodging
  1307 | D:2      | Found an opulent altar of Gozag.
  1314 | D:2      | Found a radiant altar of Vehumet.
  1596 | D:2      | Noticed Ijyb
  1610 | D:2      | Killed Ijyb
  1802 | D:2      | Reached XP level 4. HP: 20/37 MP: 6/6
  2079 | D:2      | Reached skill level 3 in Armour
  2400 | D:2      | Noticed Crazy Yiuf
  2410 | D:2      | Killed Crazy Yiuf
  2549 | D:3      | Noticed Natasha
  2558 | D:3      | Killed Natasha
  2558 | D:3      | Reached XP level 5. HP: 31/42 MP: 7/7
  2693 | D:3      | Reached ** piety under Lugonu
  2700 | D:3      | Noticed RickumRackum's ghost (amateur HECj)
  2718 | D:3      | Killed RickumRackum's ghost
  2718 | D:3      | Reached skill level 1 in Shields
  2724 | D:3      | HP: 2/42 [poisoned by RickumRackum's ghost]
  2766 | D:3      | Reached skill level 4 in Armour
  2766 | D:3      | Gained mutation: You are partially covered in sharp spines. [demonic ancestry]
  2766 | D:3      | Reached XP level 6. HP: 7/48 MP: 8/8
  2989 | D:3      | Noticed Natasha
  3002 | D:3      | Killed Natasha
  3066 | D:3      | Noticed Natasha
  3542 | D:3      | Noticed Jessica
  3545 | D:3      | Killed Jessica
  3707 | D:3      | Found a snail-covered altar of Cheibriados.
  4410 | D:4      | Gained mutation: You are mostly covered in sharp spines. [demonic ancestry]
  4410 | D:4      | Reached XP level 7. HP: 54/54 MP: 9/9
  4534 | D:4      | Found an oddly glowing altar of Pakellas.
  4584 | D:4      | Reached *** piety under Lugonu
  4651 | D:4      | Noticed Robin
  4659 | D:4      | Killed Robin
  4659 | D:4      | Reached skill level 5 in Armour
  4771 | D:5      | Entered Level 5 of the Dungeon
  5431 | D:5      | Reached **** piety under Lugonu
  5470 | D:5      | Reached skill level 1 in Stealth
  5470 | D:5      | Reached XP level 8. HP: 61/61 MP: 10/10
  5545 | D:5      | Found a glowing golden altar of the Shining One.
  5846 | D:5      | Reached skill level 6 in Armour
  5915 | D:6      | Noticed Grinder
  5921 | D:6      | Noticed Pikel
  5955 | D:6      | Paralysed by Grinder for 2 turns
  5965 | D:6      | Paralysed by Grinder for 5 turns
  6018 | D:6      | Killed Grinder
  6199 | D:6      | Killed Pikel
  6199 | D:6      | Reached skill level 5 in Fighting
  6199 | D:6      | Reached skill level 7 in Armour
  6368 | D:6      | Noticed a purple ugly thing
  6374 | D:6      | Killed a purple ugly thing
  6374 | D:6      | Reached skill level 5 in Axes
  6374 | D:6      | Reached XP level 9. HP: 52/68 MP: 11/11
  6649 | D:6      | Reached skill level 8 in Armour
  7336 | D:7      | Reached ***** piety under Lugonu
  7854 | D:7      | Found a staircase to the Ecumenical Temple.
  8087 | D:7      | Reached XP level 10. HP: 74/76 MP: 12/12
  8566 | D:7      | Found a burning altar of Makhleb.
  8630 | D:8      | You fall through a shaft for 2 floors!
  8630 | D:10     | Entered Level 10 of the Dungeon
  8663 | D:10     | Hired Suof the naga for 160 gold.
  8672 | D:10     | Your ally Suof died
  8735 | D:10     | Reached skill level 9 in Armour
  8752 | D:10     | Reached skill level 5 in Shields
  9034 | D:10     | Found Kyorac's Book Shop.
  9657 | D:9      | Noticed a hill giant
  9672 | D:9      | HP: 2/79 [hill giant/giant spiked club (17)]
  9680 | D:9      | Killed a hill giant
  9680 | D:9      | Reached skill level 1 in Evocations
  9986 | D:9      | Reached skill level 10 in Armour
 10065 | D:9      | Found a deep blue altar of Sif Muna.
 10103 | D:9      | Found a sacrificial altar of Ru.
 10242 | D:8      | Noticed Freud88's ghost (novice MiFi)
 10254 | D:8      | Killed Freud88's ghost
 10254 | D:8      | Gained mutation: You sometimes gain a little power by taking damage. [demonic ancestry]
 10254 | D:8      | Reached XP level 11. HP: 84/84 MP: 13/13
 10782 | D:8      | Found a bloodstained altar of Trog.
 10888 | D:8      | Gained mutation: Your mind is acute. (Int +2) [helix card]
 10892 | D:8      | Lost mutation: Your mind is acute. (Int +2) [helix card]
 10892 | D:8      | Gained mutation: You are resistant to hostile enchantments. [helix card]
 11152 | D:10     | Reached ****** piety under Lugonu
 11956 | D:11     | Found a staircase to the Orcish Mines.
 12120 | D:11     | Noticed a green ugly thing
 12176 | D:11     | Killed a green ugly thing
 12765 | D:11     | Found Fuzyp's Magic Scroll Emporium.
 12768 | D:11     | Bought 2 scrolls of teleportation for 108 gold pieces
 12768 | D:11     | Bought a scroll of teleportation for 54 gold pieces
 12876 | D:11     | Found a staircase to the Lair.
 12886 | Lair:1   | Entered Level 1 of the Lair of Beasts
 12940 | Lair:1   | Found a sacrificial altar of Ru.
 13294 | Lair:1   | Reached skill level 11 in Armour
 13512 | Lair:1   | Found a basalt altar of Yredelemnul.
 14217 | Lair:2   | Noticed a queen ant
 14217 | Lair:2   | Gained mutation: You have large cloven feet. [demonic ancestry]
 14217 | Lair:2   | Reached XP level 12. HP: 61/92 MP: 14/14
 14227 | Lair:2   | Killed a queen ant
 15487 | Lair:3   | Reached skill level 12 in Armour
 15553 | Lair:3   | Found a staircase to the Snake Pit.
 15591 | Lair:3   | Found a dark tunnel.
 15689 | Volcano  | Entered a volcano
 16255 | Volcano  | Found a radiant altar of Vehumet.
 16895 | Lair:4   | Noticed a seven-headed hydra
 16905 | Lair:4   | Killed a four-headed hydra
 17378 | Lair:4   | Noticed wojtek's ghost (journeyman KoBe)
 17407 | Lair:4   | Killed wojtek's ghost
 17538 | Lair:4   | Found a staircase to the Shoals.
 17963 | Lair:4   | Reached XP level 13. HP: 89/101 MP: 15/15
 18845 | Lair:5   | Found a blossoming altar of Fedhas.
 19311 | Lair:5   | Gained mutation: Your body sometimes deteriorates upon taking damage. [potion of mutation]
 19311 | Lair:5   | Gained mutation: Your magical capacity is low (-10% MP). [potion of mutation]
 19311 | Lair:5   | Gained mutation: You have a pair of small antennae on your head. [potion of mutation]
 19312 | Lair:5   | Gained mutation: You can translocate small distances at will. [potion of mutation]
 19312 | Lair:5   | Gained mutation: Your muscles are strong. (Str +2) [potion of mutation]
 19313 | Lair:5   | Lost mutation: You are resistant to hostile enchantments. [potion of cure mutation]
 19313 | Lair:5   | Lost mutation: Your body sometimes deteriorates upon taking damage. [potion of cure mutation]
 19313 | Lair:5   | Lost mutation: Your muscles are strong. (Str +2) [potion of cure mutation]
 19313 | Lair:5   | Lost mutation: Your magical capacity is low (-10% MP). [potion of cure mutation]
 19571 | Lair:5   | Reached skill level 13 in Armour
 21170 | Lair:6   | Identified 2 scrolls of acquirement
 21763 | Lair:7   | Reached skill level 5 in Dodging
 21789 | Lair:7   | HP: 3/151 [death yak (16)]
 21789 | Lair:7   | Slain by a death yak

Skill      XL: |  1  2  3  4  5  6  7  8  9 10 11 12 13 |
---------------+----------------------------------------+-----
Armour         | 2 3 4 5 7 8 10 11 12 13 | 13.6
Dodging        | 1 2 3 4 5 |  5.0
Axes           | 2 3 5 6 7 9 |  9.7
Shields        | 1 2 3 4 6 7 8 9 |  9.5
Fighting       | 4 5 6 7 8 9 |  9.4
Stealth        | 1 |  1.6
Evocations     | 1 2 |  2.2
Invocations    | 3 |  3.2
Throwing       | |  0.6

Action                   |  1- 3 |  4- 6 |  7- 9 | 10-12 | 13-15 || total
-------------------------+-------+-------+-------+-------+-------++-------
Melee: Hand axe          |    69 |       |       |   713 |   219 ||  1001
       War axe           |    31 |   167 |   222 |     1 |       ||   421
       Battleaxe         |       |       |       |     4 |     8 ||    12
       Broad axe         |       |       |       |       |     6 ||     6
Throw: Javelin           |       |       |     4 |     3 |       ||     7
Invok: Depart the Abyss  |     1 |       |       |       |       ||     1
       Banish            |       |       |       |     1 |       ||     1
       Bend Space        |       |       |       |     1 |       ||     1
 Abil: Evoke Berserk Rag |       |     1 |       |     3 |     1 ||     5
       Evoke Invisibilit |       |       |       |     1 |       ||     1
Evoke: Deck              |       |       |       |     6 |     1 ||     7
  Use: Scroll            |       |     6 |    10 |    11 |    15 ||    42
       Potion            |       |     5 |     7 |     8 |     3 ||    23
  Eat: Chunk             |     2 |    11 |    12 |    25 |     9 ||    59
       Fruit             |       |       |       |     7 |       ||     7
       Pizza             |       |       |       |     2 |       ||     2
       Beef jerky        |       |       |       |     1 |       ||     1
       Royal jelly       |       |       |       |       |     2 ||     2
Armor: Ring mail         |    59 |    48 |       |       |       ||   107
       Chain mail        |       |    72 |    96 |       |       ||   168
       Plate armour      |       |       |    35 |   406 |   121 ||   562
Dodge: Dodged            |    41 |    47 |    43 |   168 |    72 ||   371
Block: Shield            |    25 |    78 |   117 |   427 |   142 ||   789
